Map: King's Cove LE

Players

kangpunge

  • Race: Protoss Protoss
  • League: Platinum
  • Spawn Location: 5:00

MechaCaulk - Winner!

  • Race: Zerg Zerg
  • League: Platinum
  • Spawn Location: 11:00

VOD

Have the link to the VOD?

Description

Time

  • Played on: April 17, 2019, 4:09 a.m.
  • Length: 7:15
Show
View Real Time Build Order
Export as new Build Order

kangpunge Protoss 

Build Orders:  

Get SALT Encoding   

  12  0:01  Probe  
  13  0:13  Probe  
  14  0:18  Pylon  
  14  0:27  Assimilator  
  14  0:30  Probe  
  15  0:44  Gateway  
  15  0:50  Probe  
  16  1:02  Gateway  
  16  1:09  Probe  
  17  1:21  Probe  
  18  1:34  Probe  
  19  1:48  Cybernetics Core  
  19  1:52  Pylon  
  19  1:54  Probe  
  20  2:07  Warp Gate  
  20  2:10  Assimilator  
  20  2:11  Probe  
  21  2:24  Probe  
  21  2:29  Adept x2  
  26  2:45  Probe  
  27  2:57  Probe  
  30  3:12  Sentry  
  30  3:16  Pylon  
  30  3:23  Probe  
  30  3:26  Nexus  
  31  3:28  Pylon  
  31  3:35  Sentry  
  29  4:00  Shield Battery  
  29  4:07  Zealot  
  31  4:10  Adept  
  31  4:40  Probe x2  
  31  4:44  Adept x2  
  37  4:52  Probe  
  38  5:05  Twilight Council  
  38  5:09  Robotics Facility  
  39  5:14  Probe x2  
  39  5:19  Adept x2  
  44  5:26  Probe  
  45  5:31  Resonating Glaives  
  45  5:35  Gateway  
  45  5:37  Gateway  
  45  5:39  Pylon  
  45  5:42  Pylon  
  45  5:59  Observer  
  46  6:05  Adept x2  
  48  6:36  Adept x2  
  42  7:05  Stalker  
  42  7:06  Stalker  
Show
View Real Time Build Order
Export as new Build Order

MechaCaulk Zerg - Winner!

Build Orders: Hatch First 

Get SALT Encoding   

  12  0:02  Drone  
  13  0:08  Drone  
  14  0:18  Overlord  
  14  0:29  Extractor, Drone  
  14  0:36  Drone x2  
  16  0:49  Drone  
  17  1:07  Drone  
  17  1:08  Hatchery  
  17  1:10  Drone  
  18  1:27  Drone  
  18  1:29  Drone  
  20  1:35  Pneumatized Carapace  
  20  1:40  Drone  
  21  1:49  Overlord  
  21  1:52  Spawning Pool  
  20  2:00  Drone  
  21  2:12  Drone  
  22  2:21  Drone  
  22  2:22  Drone  
  24  2:45  Drone x4  
  24  2:46  Roach Warren  
  27  2:53  Zergling x2  
  27  2:55  Metabolic Boost  
  28  2:58  Extractor  
  28  3:00  Zergling x2  
  28  3:11  Zergling x4  
  30  3:13  Queen  
  30  3:15  Queen  
  34  3:20  Zergling x4  
  34  3:24  Spine Crawler  
  35  3:28  Zergling x2  
  35  3:29  Zergling x2, Spine Crawler  
  36  3:35  Overlord  
  35  3:54  Drone x3  
  37  4:00  Drone x2  
  39  4:12  Drone x2  
  41  4:17  Extractor  
  37  4:32  Hatchery  
  33  4:41  Roach x5  
  33  4:43  Overlord x3  
  43  4:46  Lair  
  43  4:58  Overlord  
  43  5:01  Queen  
  43  5:02  Drone  
  43  5:03  Drone  
  43  5:04  Drone  
  48  5:09  Drone  
  49  5:18  Drone x3  
  49  5:19  Drone  
  53  5:24  Drone x2  
  53  5:28  Evolution Chamber  
  54  5:29  Drone  
  59  5:42  Roach  
  59  5:43  Roach x2  
  59  5:46  Ravager x5  
  66  6:15  Roach x6  
  66  6:16  Roach  
  80  6:35  Overlord x2  
  80  6:36  Overlord x2  
  80  6:47  Zergling x2  
  81  6:51  Overlord x2  
Tags
 
Add a new tag
Caveats
  • Supply blocks, unpowered buildings, or Contaminate may cause inaccurate times.
  • Supply counts are checked every 10 seconds.